 Dungeon Crawl Stone Soup version 0.31-a0-236-g9a0961fb85 (webtiles) character file.

Game seed: 16169909570697586654

225 qw the Shooter (level 5, -3/41 HPs)
             Began as a Minotaur Hexslinger on July 10, 2023.
             Slain by a gnoll
             ... wielding a +0 club
              (7 damage)
             ... on level 3 of the Dungeon.
             The game lasted 00:00:41 (1980 turns).

qw the Shooter (Minotaur Hexslinger)                Turns: 1980, Time: 00:00:42

Health: -3/41      AC:  4    Str: 13    XL:     5   Next: 68%
Magic:  1/1        EV: 12    Int: 10    God:
Gold:   79         SH:  0    Dex: 14    Spells: 5/6 levels left

rFire   . . .        b - +2 sling (antimagic)
rCold   . . .        (no shield)
rNeg    . . .        e - +0 leather armour
rPois   .            (helmet restricted)
rElec   .            (no cloak)
rCorr   .            (no gloves)
SInv    .            g - +0 pair of boots
Will    .....        (no amulet)
Stlth   +            (no ring)
HPRegen 0.26/turn    (no ring)
MPRegen 0.07/turn

%: no passive effects
@: no status effects
A: horns 2, retaliatory headbutt
a: no special abilities


You were on level 3 of the Dungeon.
You visited 1 branch of the dungeon, and saw 3 of its levels.

You collected 107 gold pieces.
You spent 28 gold pieces at shops.


Innate Abilities, Weirdness & Mutations

You have a pair of horns on your head.
You reflexively headbutt those who attack you in melee.


   Skills:
 + Level 2.2 Fighting
 - Level 6.3 Ranged Weapons
 - Level 2.1 Dodging
 - Level 1.0 Spellcasting
 - Level 2.0 Hexes


You had 5 spell levels left.
You knew the following spells:

 Your Spells              Type           Power      Damage    Failure   Level
a - Slow                  Hex            16%        N/A       19%         1

Your spell library contained the following spells:

 Spells                   Type           Power      Damage    Failure   Level
 Inner Flame              Hex/Fire       2%         N/A       65%         3
 Portal Projectile        Hex/Tloc       4%         N/A       65%         3
 Cause Fear               Hex            2%         N/A       88%         4

Inventory:

Hand Weapons
 b - a +2 antimagic sling (weapon)
Armour
 e - a +0 leather armour (worn)
 g - a +0 pair of boots (worn)
Scrolls
 a - a scroll of identify
Potions
 d - a potion of curing
 f - a potion of magic {unknown}
 i - a potion of heal wounds {unknown}
 j - a potion of ambrosia {unknown}

Dungeon Overview and Level Annotations

Branches:
Dungeon (3/15)

Altars:

Shops:
D:2 *


Message History

The gnoll shouts!
The sling bullet hits the gnoll!
The gnoll is heavily wounded.
You shoot a sling bullet. The sling bullet hits the gnoll.
The gnoll is heavily wounded.
The gnoll hits you with a +0 club.
The gnoll hits you from afar with a +0 spear.
You shoot a sling bullet. The sling bullet hits the gnoll.
The gnoll is almost dead.
The gnoll hits you but does no damage. The gnoll closely misses you.
You shoot a sling bullet.
The sling bullet closely misses the gnoll.
A giant cockroach comes into view.
The gnoll hits you from afar with a +0 spear.
The gnoll closely misses you. You furiously retaliate!
You headbutt the gnoll.
You kill the gnoll!
The gnoll closely misses you.
You shoot a sling bullet.
The sling bullet closely misses the gnoll.
The gnoll misses you. The gnoll hits you but does no damage.
The gnoll hits you from afar with a +0 spear!
You shoot a sling bullet.
The sling bullet closely misses the gnoll.
The gnoll hits you from afar with a +0 spear.
The gnoll barely misses you. The gnoll closely misses you.
You shoot a sling bullet.
The sling bullet closely misses the gnoll.
The gnoll hits you from afar with a +0 spear.
The gnoll closely misses you.
The gnoll hits you from afar with a +0 spear.
You shoot a sling bullet.
The sling bullet hits the gnoll but does no damage.
The giant cockroach bites you but does no damage.
The gnoll hits you from afar with a +0 spear.
The gnoll closely misses you. The gnoll barely misses you.
The giant cockroach bites you but does no damage.
You shoot a sling bullet. The sling bullet hits the gnoll.
The gnoll is moderately wounded.
The gnoll hits you with a +0 club!
You die...

########## .........#
########.# #
########.######
##.####........#....###
#.............##......###
#....)#..#))..........
..#.^.g@#..#..#..#.#.###
......g.B#..#..####.#.# #
#.......g...#..# #.#.###
#....#......#..# #.#.#<.
...##.#....#.#..# #.#.###
... g...........# #....
.. ##.#..#####.## #####
#.#... ... # #.# ##.


You could see 3 gnolls and a giant cockroach.

Vanquished Creatures
  Sigmund (D:3)
  An adder (D:2)
  A gnoll (D:3)
  A worm (D:2)
  2 dart slugs
  5 ball pythons
  4 endoplasms (D:1)
  4 giant cockroaches
  3 goblins
  7 hobgoblins
  3 jackals (D:1)
  4 kobolds
  3 quokkas
  2 bats (D:1)
  4 rats
45 creatures vanquished.

Notes
Turn   | Place    | Note
-------+----------+-------------------------------------------
     0 | D:1      | qw the Minotaur Hexslinger began the quest for the Orb.
     0 | D:1      | Reached XP level 1. HP: 16/16 MP: 1/1
     0 | D:1      | 0 ||| qw: Version: 0.3-a-52-g30416fa
     0 | D:1      | 0 ||| qw: Game counter: 4761
     0 | D:1      | 0 ||| qw: Melee chars always use a shield: true
     0 | D:1      | 0 ||| qw: God list: Okawaru
     0 | D:1      | 0 ||| qw: Allow faded altars: false
     0 | D:1      | 0 ||| qw: Do Orc after clearing Dungeon:15 true
     0 | D:1      | 0 ||| qw: Do second Lair branch before Depths: true
     0 | D:1      | 0 ||| qw: Lair rune preference: random
     0 | D:1      | 0 ||| qw: Goals: Normal
     0 | D:1      | 0 ||| PLANNING D:1-11
    63 | D:1      | Reached skill level 3 in Ranged Weapons
    64 | D:1      | Reached XP level 2. HP: 23/23 MP: 2/2
   200 | D:1      | Found a faded altar of an unknown god.
   366 | D:1      | Reached XP level 3. HP: 16/29 MP: 3/3
   920 | D:1      | 920 ||| UPGRADING to +0 leather armour.
   930 | D:1      | 930 ||| DROPPING +0 robe.
   931 | D:1      | 931 ||| UPGRADING to +0 pair of boots.
   936 | D:1      | 936 ||| READING scroll labelled ILISTE CIH GEA.
   937 | D:1      | 937 ||| READING scroll labelled VUOQ UNTIWK.
   938 | D:1      | 938 ||| READING scroll labelled NAONUCS PILI.
   939 | D:1      | 939 ||| READING scroll labelled ZOS COUHAECLIE.
   940 | D:1      | 940 ||| DROPPING scroll of poison.
  1095 | D:2      | Reached skill level 4 in Ranged Weapons
  1237 | D:2      | 1237 ||| SWAPPING to +2 antimagic sling.
  1238 | D:2      | 1238 ||| DROPPING +1 sling.
  1393 | D:2      | Found the +10 tower shield of Ignorance {rN+ Int-4}
  1721 | D:2      | Found Jizxuol's General Store.
  1730 | D:2      | 1730 ||| BUYING scroll of identify (28 gold).
  1730 | D:2      | Bought a scroll of identify for 28 gold pieces
  1824 | D:2      | 1824 ||| READING 3 scrolls of identify.
  1824 | D:2      | 1824 ||| IDENTIFYING metallic emerald potion
  1825 | D:2      | 1825 ||| READING 2 scrolls of identify.
  1825 | D:2      | 1825 ||| IDENTIFYING green potion
  1826 | D:2      | 1826 ||| DROPPING potion of lignification.
  1858 | D:3      | Noticed Sigmund
  1877 | D:3      | Killed Sigmund
  1878 | D:3      | Reached skill level 6 in Ranged Weapons
  1878 | D:3      | Reached XP level 4. HP: 20/36 MP: 1/4
  1878 | D:3      | Reached XP level 5. HP: 23/41 MP: 1/5
  1969 | D:3      | 1969 ||| Stepping ~*~*~tactically~*~*~ (outnumbered).
  1970 | D:3      | 1970 ||| Stepping ~*~*~tactically~*~*~ (outnumbered).
  1978 | D:3      | HP: 9/41 [gnoll/+0 spear (4)]
  1979 | D:3      | HP: 4/41 [gnoll/+0 spear (1)]
  1980 | D:3      | Slain by a gnoll

Levels and vault maps discovered:
D:1:      minmay_arrival_loop, layout_basic, shapermc_ecumenical_altar_pompeii,
          grunt_decor_resistance, st_stairs_11
D:2:      layout_basic, serial_shops, nicolae_diamond_shop,
          corexii_item_surrounded_by_moat
D:3:      layout_basic, serial_shops, shop, uniq_grinder, uniq_jessica,
          uniq_sigmund

Skill      XL: |  1  2  3 |
---------------+----------+-----
Ranged Weapons | 3 6 |  6.3
Fighting       | 2 |  2.2
Dodging        | |  2.1
Spellcasting   | |  1.0
Hexes          | |  2.0

Action                     |  1- 3 |  4- 6 || total
---------------------------+-------+-------++-------
   Fire: Sling             |   149 |    13 ||   162
    Use: Scroll            |     6 |       ||     6
 Armour: Robe              |     7 |       ||     7
         Leather armour    |     5 |     4 ||     9
  Dodge: Dodged            |    34 |     9 ||    43

Table legend:
 A = Non-vault XP
 B = Vault XP
 C = Vault XP percentage of total XP
 D = Non-vault monster count
 E = Vault monster count
 F = Vault count percentage of total count
                 A         B        C        D         E       F
            +---------+---------+-------+---------+---------+-------
      Total |     103 |     219 |  68.0 |      41 |       4 |   8.9
            +---------+---------+-------+---------+---------+-------
        D:1 |      49 |       5 |   9.3 |      27 |       3 |  10.0
        D:2 |      39 |       0 |   0.0 |      12 |       0 |   0.0
        D:3 |      15 |     214 |  93.4 |       2 |       1 |  33.3
            +---------+---------+-------+---------+---------+-------
